 Dungeon Crawl Stone Soup version 0.30-a0-1114-gd936c97349 (webtiles) character file.

Game seed: 11029036357499129771

105 Dordric the Insei (level 4, -4/28 HPs)
             Began as an Octopode Transmuter on Apr 20, 2023.
             Splashed by a jelly's acid (9 damage)
             ... in a sewer.
             The game lasted 00:05:18 (2429 turns).

Dordric the Insei (Octopode Transmuter)             Turns: 2429, Time: 00:05:20

Health: -4/28      AC: -3    Str: 11    XL:     4   Next: 83%
Magic:  4/7        EV: 13    Int: 15    God:
Gold:   187        SH:  0    Dex: 18    Spells: 1/7 levels left

rFire   . . .      SeeInvis .      - Unarmed
rCold   . . .      Faith    .    e - orb {light}
rNeg    . . .      Spirit   .    (helmet currently unavailable)
rPois   .          Reflect  .    (no amulet)
rElec   .          Rampage  .    c - +6 ring of dexterity
rCorr   .                        (no ring)
Will    .....                    (no ring)
Stlth   +                        (no ring)
HPRegen 0.24/turn                (no ring)
MPRegen 0.10/turn                (no ring)
                                 (no ring)
                                 (no ring)

@: appendages (expiring), wereblooded, corroded, glowing
A: tentacle spike 3, almost no armour, amphibious, 8 rings, camouflage 1,
gelatinous body 1, (nimble swimmer 1), tentacles
a: End Transformation


You were in a sewer.
One of your tentacles had grown a beastly spike.
You visited 1 branch of the dungeon, and saw 3 of its levels.
You also visited: Sewer.

You collected 187 gold pieces.

Inventory:

Armour
 e - an orb of light (worn)
Jewellery
 c - a +6 ring of dexterity (left tentacle)
Scrolls
 f - a scroll of summoning
Potions
 a - a potion of lignification
 b - 2 potions of curing {unknown}
 g - 2 potions of heal wounds {unknown}
 i - 2 potions of flight {unknown}
 j - a potion of invisibility {unknown}
 k - a potion of cancellation {unknown}
 l - a potion of haste {unknown}


   Skills:
 - Level 1.1 Fighting
 - Level 2.1 Dodging
 + Level 4.2 Unarmed Combat
 - Level 2.0 Spellcasting
 + Level 3.5 Transmutations


You had one spell level left.
You knew the following spells:

 Your Spells              Type           Power      Damage    Failure   Level
a - Beastly Appendage     Tmut           24%        N/A       4%          1
b - Wereblood             Tmut           12%        N/A       8%          2
c - Spider Form           Tmut/Pois      6%         N/A       32%         3

Your spell library contained the following spells:

 Spells                   Type           Power      Damage    Failure   Level
 Sandblast                Erth           2%         2d4       22%         1
 Passwall                 Tmut/Erth      5%         N/A       16%         2
 Blink                    Tloc           2%         N/A       32%         2
 Stone Arrow              Conj/Erth      2%         3d7       54%         3
 Ice Form                 Ice/Tmut       6%         N/A       71%         4
 Manifold Assault         Tloc           1%         N/A       91%         4
 Storm Form               Tmut/Air       3%         N/A       100%        7


Dungeon Overview and Level Annotations

Branches:
Dungeon (3/15)              Sewer (1/1)

Altars:

Shops:
D:1 (


Innate Abilities, Weirdness & Mutations

One of your tentacles has grown a beastly spike.
You cannot wear most types of armour.
You are amphibious.
You can wear up to eight rings at the same time.
Your skin changes colour to match your surroundings (Stealth+).
Your rubbery body absorbs attacks. (AC +1, EV +1)
((You are camouflaged when in or above water. (Stealth+)))
You have tentacles for arms and can constrict up to eight enemies at once.


Message History

Found a sling.
Found a gate leading back out of this place.
You enter the shallow water.
An endoplasm comes into view.
Found 2 gluggy blue potions.
You barely miss the rat. You grab the rat.
You pierce the rat.
You squeeze the rat.
You kill the rat!
You howl as the wereblood boils in your veins!
The endoplasm quivers.
A jelly comes into view.
You howl as the wereblood boils in your veins!
You howl as the wereblood boils in your veins!
Your transformation is almost over.
The endoplasm freezes you.
You are frozen.
You tentacle-slap the endoplasm.
The endoplasm is moderately wounded.
You howl as the wereblood boils in your veins!
The endoplasm splashes around in the water.
The endoplasm jiggles.
You bludgeon the endoplasm!
You feel a bit better.
You kill the endoplasm!
The jelly jiggles.
The endoplasm freezes you.
You are frozen.
You tentacle-slap the endoplasm.
You pierce the endoplasm.
You feel a bit better.
You kill the endoplasm!
You tentacle-slap the jelly. The acid corrodes you!
Your tentacles burn!
You pierce the jelly!
The jelly is severely wounded.
The jelly hits you.
You are splashed with acid!
You tentacle-slap the jelly.
Your tentacles burn!
* * * LOW HITPOINT WARNING * * *
The jelly is almost dead.
The jelly hits you.
* * * LOW HITPOINT WARNING * * *
The acid corrodes you!
You are splashed with acid!
You die...

##∩~ ###### .
#~~. ## #
#.~..~ !J
#.~##!##..###
#~.†.~ #~.
#~~#..)#~.~~~
#..### #.~
#~~.~~##..~~
#..#
#~.~##.~~##.~~#
#..#
#~....J@#~~~#
#..###
##~~~~..~~.#
#.~~.~
###~~~...~##
#~.~..
###....~.##
######
#.~~~~~..##
#..~###..~.#
#.~.## ##.~~##
#~~# ##~~†###
#..
#.~~..#######


You could see a jelly.

Vanquished Creatures
  3 adders
  2 river rats
  3 worms
  A dart slug (D:1)
  4 bats
  13 endoplasms
  2 giant cockroaches (D:1)
  2 hobgoblins (D:2)
  9 ball pythons
  5 frilled lizards
  2 goblins
  3 kobolds
  2 rats
51 creatures vanquished.

Vanquished Creatures (others)
  A plant (D:2)
1 creature vanquished.

Grand Total: 52 creatures vanquished

Notes
Turn   | Place    | Note
-------+----------+-------------------------------------------
     0 | D:1      | Dordric the Octopode Transmuter began the quest for the
                  | Orb.
     0 | D:1      | Reached XP level 1. HP: 13/13 MP: 3/3
   240 | D:1      | Reached XP level 2. HP: 14/18 MP: 3/5
   452 | D:1      | Learned a level 2 spell: Wereblood
   544 | D:1      | Found Joilom's Weapon Shop.
   868 | D:2      | Reached XP level 3. HP: 23/23 MP: 2/6
  1812 | D:2      | Found a faded altar of an unknown god.
  2014 | D:2      | Learned a level 3 spell: Spider Form
  2124 | D:3      | Reached XP level 4. HP: 28/28 MP: 1/7
  2186 | D:3      | Found a glowing drain.
  2223 | Sewer    | Entered a sewer
  2237 | Sewer    | Reached skill level 4 in Unarmed Combat
  2429 | Sewer    | Splashed by a jelly's acid

Illustrated notes

Levels and vault maps discovered:
D:1:      dpeg_arrival_boxes_within_box, layout_rooms, serial_shops,
          nicolae_shop_competitors_out_of_business
D:2:      layout_basic, shapermc_ecumenical_altar_petra
D:3:      layout_basic, cheibrodos_sewer_entry_sluice
Sewer:    sewer_hellmonk_slimy_pipes

Skill      XL: |  1  2  3  4 |
---------------+-------------+-----
Transmutations | 3 |  3.5
Unarmed Combat | 4 |  4.2
Fighting       | |  1.1
Dodging        | |  2.1
Spellcasting   | |  2.0

Action                     |  1- 3 |  4- 6 || total
---------------------------+-------+-------++-------
  Melee: Unarmed           |    63 |    30 ||    93
         Kick              |    17 |     8 ||    25
         Constrict         |    20 |     7 ||    27
         Tentacles         |    11 |     5 ||    16
         Punch             |     1 |     1 ||     2
   Cast: Beastly Appendage |    24 |     3 ||    27
         Wereblood         |    13 |     3 ||    16
         Spider Form       |     1 |     1 ||     2
    Use: Scroll            |     4 |       ||     4
   Stab: Sleeping          |     3 |       ||     3
 Armour: Skin              |     4 |     3 ||     7
  Dodge: Dodged            |    22 |    17 ||    39

Table legend: (Time is in decaauts)
 A = Elapsed time spent in this place.
 B = Non-inter-level travel time spent in this place.
 C = Inter-level travel time spent in this place.
 D = Time resting spent in this place.
 E = Time spent auto-exploring this place.
 F = Levels seen in this place.
 G = Mean time per level.
                   A        B        C        D        E       F      G
               +--------+--------+--------+--------+--------+-----+--------+
         Total |   2423 |   2293 |    130 |     20 |   1857 |   4 |  605.8 |
       Dungeon |   2219 |   2089 |    130 |     20 |   1721 |   3 |  739.7 |
         Sewer |    204 |    204 |      0 |      0 |    136 |   1 |  204.0 |
               +--------+--------+--------+--------+--------+-----+--------+

Top non-repeatable levels by time:
     D:2: 1340 daAuts
     D:1: 738 daAuts
   Sewer: 204 daAuts
     D:3: 140 daAuts
